 Dungeon Crawl Stone Soup version 0.31.0-12-g77e489cdc1 (webtiles) character file.

Game seed: 17151174638890369740

127 GeoRichter the Conjurer (level 4, -6/33 HPs)
             Began as a Demonspawn Reaver on Feb 29, 2024.
             Killed from afar by an orc wizard (12 damage)
             ... with a puff of flame
             ... on level 3 of the Dungeon.
             The game lasted 00:07:47 (3057 turns).

GeoRichter the Conjurer (Demonspawn Reaver)         Turns: 3057, Time: 00:07:47

Health: -6/33      AC:  3    Str: 12    XL:     4   Next: 85%
Magic:  16/16      EV: 11    Int: 15    God:
Gold:   126        SH:  0    Dex: 12    Spells: 0/7 levels left

rFire   . . .        a - +1 spear
rCold   . . .        (no shield)
rNeg    . . .        b - +0 leather armour
rPois   .            (no helmet)
rElec   .            (no cloak)
rCorr   .            (no gloves)
SInv    .            (no boots)
Will    .....        (no amulet)
Stlth   +            d - ring of magical power
HPRegen 0.25/turn    (no ring)
MPRegen 0.15/turn

%: no passive effects
@: confused
A: demonic guardian 1
a: no special abilities


You were on level 3 of the Dungeon.
You visited 1 branch of the dungeon, and saw 4 of its levels.

You collected 126 gold pieces.

Inventory:

Hand Weapons
 a - a +1 spear (weapon)
Armour
 b - a +0 leather armour (worn)
Jewellery
 d - a ring of magical power (left hand)
   (You found it on level 1 of the Dungeon)
Potions
 c - a potion of heal wounds {@q2}
 e - 2 potions of attraction {unknown}
 f - 2 potions of magic {unknown}
 g - a potion of berserk rage {unknown}
 i - a potion of curing {unknown}
 l - a potion of cancellation {unknown}


   Skills:
 - Level 2.0 Fighting
 - Level 2.6 Polearms
 - Level 1.7 Dodging
 + Level 2.1 Spellcasting
 * Level 5.1 Conjurations
 + Level 1.7 Alchemy


You couldn't memorise any spells.
You knew the following spells:

 Your Spells              Type           Power      Damage    Failure   Level
a - Fulminant Prism       Conj/Alch      5%         3d7       56%         4
b - Mephitic Cloud        Conj/Alch/Air  8%         N/A       32%         3

Your spell library contained the following spells:

 Spells                   Type           Power      Damage    Failure   Level
 Kiss of Death            Conj/Necr      36%        2d8       10%         1
 Momentum Strike          Conj/Tloc      18%        3d8       14%         2
 Slow                     Hex            4%         N/A       28%         1
 Dazzling Flash           Conj/Hex       18%        N/A       28%         3
 Hailstorm                Conj/Ice       9%         3d6       28%         3
 Lesser Beckoning         Tloc           2%         N/A       38%         2
 Confusing Touch          Hex            1%         N/A       63%         3
 Gell's Gravitas          Tloc           1%         N/A       63%         3
 Sigil of Binding         Hex            1%         N/A       63%         3
 Teleport Other           Tloc           1%         N/A       63%         3
 Vampiric Draining        Necr           1%         2d6       63%         3
 Volatile Blastmotes      Fire/Tloc      2%         2d10      63%         3
 Iskenderun's Mystic Bla  Conj/Tloc      9%         2d4       67%         4
 Leda's Liquefaction      Alch/Erth      2%         N/A       89%         4
 Sticky Flame             Fire/Alch      4%         2d4       89%         4
 Borgnjor's Vile Clutch   Necr/Erth      0%         N/A       100%        5
 Curse of Agony           Necr           1%         N/A       100%        5
 Silence                  Hex/Air        0%         N/A       100%        5
 Dispersal                Tloc           0%         N/A       100%        6
 Eringya's Noxious Bog    Alch           3%         4d6       100%        6


Dungeon Overview and Level Annotations

Branches:
Dungeon (4/15) Zot: 20941
 Temple: D:4-7

Altars:
Ru


Innate Abilities, Weirdness & Mutations

A weak demonic guardian rushes to your aid.


Message History

There is a stone staircase leading down here.
You climb downwards.
The orc wizard gestures at you while chanting.
The puff of flame hits you!
There is a stone staircase leading up here.
The orc wizard casts a spell.
The orc wizard flickers and vanishes!
Deactivating autopickup; reactivate with Ctrl-A.
You climb upwards.
Reactivating autopickup.
There is a stone staircase leading down here.
No target in view!
Unknown command.
You see here a +0 mace.
Deactivating autopickup; reactivate with Ctrl-A.
You hit something. You hit something but do no damage. Something hits you.
You hit something but do no damage. Something hits you.
You hit something.
You hear some strange, mumbled words.
You are confused.
You're too confused to move!
You hear some strange, mumbled words.
A magic dart appears from out of thin air!
The magic dart hits you!
* * * LOW HITPOINT WARNING * * *
You miss something. Something hits you.
* * * LOW HITPOINT WARNING * * *
You completely miss something.
You hear some strange, mumbled words.
You are more confused.
You bump into the rock wall.
Something hits you.
* * * LOW HITPOINT WARNING * * *
You bump into the rock wall.
Something hits you.
* * * LOW HITPOINT WARNING * * *
A demonic guardian appears!
A magic dart appears from out of thin air!
The magic dart hits you.
* * * LOW HITPOINT WARNING * * *
Something hits you.
* * * LOW HITPOINT WARNING * * *
You hear some strange, mumbled words.
A puff of flame appears from out of thin air!
The puff of flame hits you!
You die...

##.# #.## #....รท.
##..# #..####.#####
#..## ##......##
#.## #..#.....# ##
##.#####.##.....###.
#...##...##.........
#...#..####.....####
#..{#>## #.....#
#.5@).# #.....#
#...### #######
#...# #...# #...#
#...# #####


You could see a friendly shadow imp (summoned).

Vanquished Creatures
  2 adders
  A dart slug (D:1)
  2 ribbon worms (D:3)
  3 orcs
  7 endoplasms
  2 giant cockroaches (D:1)
  3 goblins
  6 hobgoblins
  6 kobolds
  A quokka (D:1)
  A ball python (D:2)
  8 bats
  A frilled lizard (D:1)
  5 rats
48 creatures vanquished.

Vanquished Creatures (collateral kills)
  Jessica (D:2)
  Terence (D:2)
  A ribbon worm (D:2)
  A frilled lizard (D:1)
4 creatures vanquished.

Grand Total: 52 creatures vanquished

Notes
Turn   | Place    | Note
-------+----------+-------------------------------------------
     0 | D:1      | GeoRichter the Demonspawn Reaver began the quest for the
                  | Orb.
     0 | D:1      | Reached XP level 1. HP: 16/16 MP: 3/3
   303 | D:1      | Gained mutation: A weak demonic guardian rushes to your
                  | aid. [demonic ancestry]
   303 | D:1      | Reached XP level 2. HP: 4/19 MP: 3/5
   541 | D:1      | Reached skill level 4 in Conjurations
  1008 | D:1      | Reached XP level 3. HP: 26/26 MP: 6/6
  1240 | D:2      | Noticed Jessica
  1339 | D:2      | Killed Jessica
  1419 | D:2      | Reached skill level 1 in Alchemy
  1466 | D:2      | Learned a level 3 spell: Mephitic Cloud
  1474 | D:2      | Noticed Terence
  1501 | D:2      | Killed Terence
  1502 | D:2      | Reached XP level 4. HP: 5/33 MP: 7/7
  1793 | D:2      | Got Iruzuz's Opusculum on Concoctions and Open Graves
  1978 | D:2      | Reached skill level 5 in Conjurations
  2380 | D:3      | Found a sacrificial altar of Ru.
  2653 | D:4      | Noticed a wyvern
  2746 | D:3      | Learned a level 4 spell: Fulminant Prism
  3057 | D:3      | Killed from afar by an orc wizard

Illustrated notes

Levels and vault maps discovered:
D:1:      dpeg_arrival_triangle_fractal, layout_basic, feat_on_display
D:2:      layout_rooms, uniq_jessica, uniq_terence
D:3:      layout_rooms, nicolae_ru_the_path_less_chosen
D:4:      layout_cave_pools, overflow_temple_1_default, hex_medium,
          lexackson_kobold_supper

Skill      XL: |  1  2  3  4 |
---------------+-------------+-----
Conjurations   | 4 5 |  5.1
Alchemy        | 1 |  1.7
Fighting       | |  2.0
Polearms       | |  2.6
Dodging        | |  1.7
Spellcasting   | |  2.1

Action                     |  1- 3 |  4- 6 || total
---------------------------+-------+-------++-------
  Melee: Spear             |   197 |   108 ||   305
         Punch             |     1 |     3 ||     4
   Cast: Kiss of Death     |     2 |       ||     2
    Use: Scroll            |       |     3 ||     3
         Potion            |       |     2 ||     2
   Stab: Sleeping          |     1 |       ||     1
 Armour: Leather armour    |    84 |    67 ||   151
  Dodge: Dodged            |   110 |    46 ||   156
